 Dungeon Crawl Stone Soup version 0.30-a0-639-g3916f1956a (webtiles) character file.

Game seed: 2492739553089761556

58851 sokol815 the Cleaver (level 14, -31/98 HPs)
             Began as an Octopode Earth Elementalist on Jan 16, 2023.
             Was an Initiate of Gozag.
             Annihilated by an orc warlord
             ... wielding a +0 heavy battleaxe
              (59 damage)
             ... on level 2 of the Orcish Mines.
             The game lasted 00:49:02 (15929 turns).

sokol815 the Cleaver (Octopode Earth Elementalist) Turns: 15929, Time: 00:49:02

Health: -31/98     AC: 34    Str:  8    XL:     14   Next: 92%
Magic:  17/20      EV: 22    Int: 21    God:    Gozag
Gold:   825        SH:  0    Dex: 13    Spells: 11/21 levels left

rFire   . . .      SeeInvis .    a - +8 battleaxe "Areus" {flame, rElec}
rCold   . . .      Faith    .    (shield currently unavailable)
rNeg    + . .      Spirit   .    (helmet restricted)
rPois   ∞          Reflect  .    (no amulet)
rElec   +          Harm     .    z - ring of resist corrosion
rCorr   +          Rampage  .    Q - +4 ring of slaying
Will    +....                    Z - ring of wizardry {Wiz+, !d}
Stlth   +++                      A - +4 ring of protection
HPRegen 0.36/turn                E - +5 ring of evasion
MPRegen 0.17/turn                C - +5 ring of evasion
                                 H - +4 ring of protection
                                 (no ring)

@: mighty, statue-form, gold aura, very slow
A: slow and powerful, torment resistance 1, boosted hp, almost no armour,
amphibious, 8 rings, camouflage 1, (gelatinous body 1), (nimble swimmer 1),
tentacles
a: End Transformation, Renounce Religion, Potion Petition, Call Merchant, Bribe
Branch


You were on level 2 of the Orcish Mines.
You worshipped Gozag.
Gozag was pleased with you.
You were a living statue of rough stone.
You visited 3 branches of the dungeon, and saw 13 of its levels.
You also visited: Ossuary and Bailey.

You collected 3709 gold pieces.
You spent 750 gold pieces at shops.
You paid 2134 gold pieces to Gozag.

Inventory:

Hand Weapons
 a - the +8 battleaxe "Areus" (weapon) {flame, rElec}
   (You took it off an orc on level 5 of the Dungeon)

   rElec:     It insulates you from electricity.
 b - a +4 dagger of electrocution
   (You took it off a goblin on level 4 of the Dungeon)
 c - a +2 dagger of holy wrath
   (You took it off an orc wizard on level 9 of the Dungeon)
 e - a +1 short sword of draining
   (You took it off an orc on level 6 of the Dungeon)
 f - the +10 executioner's axe of the Screaming Gods {drain, Int+2 Dex+2}
   (You found it in a bailey)

   Int:       It affects your intelligence (+2).
   Dex:       It affects your dexterity (+2).
 r - a +4 trident
   (You took it off an orc knight in a bailey)
 F - a +0 dagger of protection
   (You took it off an orc wizard on level 6 of the Dungeon)
Missiles
 g - 13 boomerangs
 l - 35 poisoned darts
 s - 123 stones
 w - 2 curare-tipped darts
 y - 2 javelins
Armour
 o - a +3 buckler
   (You found it on level 6 of the Dungeon)
 t - a +2 tower shield
   (You found it on level 6 of the Dungeon)
Magical Staves
 n - a staff of fire {rF+}
   (You found it on level 4 of the Dungeon)
Jewellery
 d - a +6 ring of dexterity
   (You found it in a bailey)
 z - a ring of resist corrosion (left tentacle)
   (You found it on level 5 of the Dungeon)
 A - a +4 ring of protection (on tentacle)
   (You found it on level 8 of the Dungeon)
 C - a +5 ring of evasion (on tentacle)
   (You took it off an orc on level 5 of the Dungeon)
 E - a +5 ring of evasion (on tentacle)
   (You found it on level 8 of the Dungeon)
 H - a +4 ring of protection (on tentacle)
   (You found it on level 9 of the Dungeon)
 Q - a +4 ring of slaying (right tentacle)
   (You found it on level 5 of the Dungeon)
 Z - a ring of wizardry (on tentacle) {Wiz+, !d}
   (You took it off an orc on level 5 of the Dungeon)
Wands
 i - a wand of iceblast (7)
   (You found it on level 6 of the Dungeon)
 j - a wand of polymorph (11)
   (You found it on level 5 of the Dungeon)
 p - a wand of paralysis (4)
   (You found it on level 3 of the Dungeon)
 q - a wand of light (11)
   (You took it off Maggie on level 8 of the Dungeon)
Scrolls
 v - 3 scrolls of amnesia
 D - 2 scrolls of blinking {!r}
 K - 4 scrolls of immolation {!r}
 O - 2 scrolls of enchant armour
 X - a scroll of magic mapping {@r4!r}
 Y - 8 scrolls of teleportation {@r3}
Potions
 h - 2 potions of ambrosia {unknown}
 k - a potion of magic
 x - 3 potions of cancellation
 B - 5 potions of brilliance
 G - 3 potions of attraction {!q}
 I - a potion of invisibility
 J - a potion of curing {@q1}
 L - 2 potions of flight
 N - 4 potions of heal wounds {@q2}
 P - 2 potions of lignification {!q}
 R - 2 potions of resistance
 T - a potion of berserk rage {!q}
 U - 6 potions of mutation {!q}


   Skills:
 - Level 6.0 Short Blades
 * Level 14.5 Axes
 - Level 2.0 Dodging
 - Level 2.6 Stealth
 - Level 4.0 Spellcasting
 - Level 5.0 Conjurations
 + Level 11.3 Transmutations
 + Level 12.3 Earth Magic


You had 11 spell levels left.
You knew the following spells:

 Your Spells              Type           Power      Damage    Failure   Level
a - Sandblast             Erth           100%       2d20      1%          1
b - Statue Form           Tmut/Erth      34%        N/A       6%          6
x - Stone Arrow           Conj/Erth      80%        3d12      1%          3

Your spell library contained the following spells:

 Spells                   Type           Power      Damage    Failure   Level
 Passwall                 Tmut/Erth      43%        N/A       1%          2
 Petrify                  Tmut/Erth      52%        N/A       1%          4
 Ignite Poison            Fire/Tmut/Pois 20%        N/A       3%          3
 Cigotuvi's Dreadful Rot  Necr/Pois/Air  8%         N/A       8%          2
 Ensorcelled Hibernation  Hex/Ice        8%         N/A       8%          2
 Poisonous Vapours        Pois/Air       8%         N/A       8%          2
 Mephitic Cloud           Conj/Pois/Air  11%        N/A       8%          3
 Borgnjor's Vile Clutch   Necr/Erth      15%        N/A       11%         5
 Kindle Blastsparks       Fire/Tloc/Air  8%         2d10      14%         3
 Ozocubu's Armour         Ice            4%         N/A       14%         3
 Swiftness                Air            4%         N/A       14%         3
 Vhi's Electric Charge    Tloc/Air       8%         N/A       14%         3
 Arcjolt                  Conj/Air       7%         1d17      41%         5
 Freezing Cloud           Conj/Ice/Air   5%         6-21      52%         5
 Metabolic Englaciation   Hex/Ice        2%         N/A       75%         5
 Death Channel            Necr           2%         N/A       99%         6
 Ozocubu's Refrigeration  Ice            2%         4d7       100%        7
 Maxwell's Capacitive Co  Air            2%         ∞         100%        8
 Chain Lightning          Conj/Air       7%         3d9       100%        9
 Fire Storm               Conj/Fire      7%         8d2       100%        9
 Shatter                  Erth           27%        3d23*     100%        9
 Animate Dead             Necr           Unusable   N/A       N/A         4

Dungeon Overview and Level Annotations

Branches:
Dungeon (10/15) Zot: 26134  Temple (1/1) D:4 Zot: 5981    Lair (0/5) D:10
    Orc (2/2) D:9 Zot: 10334 Ossuary (visited)          Bailey (visited)
    Elf: Orc:2

Altars:
Cheibriados
Dithmenos
Elyvilon
Gozag
Makhleb
Qazlal
Ru
Sif Muna
Trog
Vehumet
Xom
Zin
The Shining One

Shops:
D:6 :   D:10 !::

Annotations:
D:8 Amaemon
Orc:1 2 transporters, Koowego's ghost, journeyman SpAr


Innate Abilities, Weirdness & Mutations

You are a living statue of rough stone.
Your actions are slow, but your melee attacks are powerful.
You are resistant to unholy torment.
Your maximum health is greatly increased.
You are immune to poison.
You cannot wear most types of armour.
You are amphibious.
You can wear up to eight rings at the same time.
Your skin changes colour to match your surroundings (Stealth+).
((Your rubbery body absorbs attacks. (AC +1, EV +1)))
((You are camouflaged when in or above water. (Stealth+)))
You have tentacles for arms and can constrict up to eight enemies at once.


Message History

The orc knight shoots a bolt.
The bolt hits you!
You hear a shout! x2
There is a stone staircase leading up here.
You take 8 damage, and have 90/98 hp.
You hear a shout! x2
Items here: $ ( ) [.
The orc knight roars a battlecry!
The orcs go into a battle-frenzy!
The orc priest looks encouraged for a moment.
The orc warlord roars a battlecry!
The orc knight goes into a battle-frenzy!
The orc knight shoots a bolt.
The bolt completely misses you.
Items here: $ )) [[.
The orc priest invokes the aid of Beogh against you.
Beogh smites you!
The orc knight unwields a +0 arbalest.
The orc knight wields a +2 dire flail of protection.
The orc knight completely misses you.
Things that are here:
7 gold pieces; a +0 robe; a +0 dagger You take 11 damage, and have 80/98 hp.
You slash the orc knight! You burn the orc knight! You grab the orc knight.
You constrict the orc knight.
The orc knight hits you with a +2 dire flail of protection!
The orc priest miscasts a cantrip.
The orc knight closely misses you.
You take 13 damage, and have 67/98 hp.
You slice the orc knight!! You burn the orc knight.
You squeeze the orc knight, but do no damage.
You closely miss the orc warrior. You slice the orc wizard!!
You burn the orc wizard.
You kill the orc wizard!
You constrict the orc knight, but do no damage.
The orc priest looks satisfied for a moment.
The orc knight completely misses you. The orc warrior closely misses you.
The orc priest invokes the aid of Beogh against you.
Beogh smites you!
The orc priest calls upon Beogh to heal the orc knight.
The orc knight is healed somewhat.
You take 8 damage, and have 59/98 hp.
You completely miss the orc knight. Your squeeze misses the orc knight.
You slash the orc warrior! You burn the orc warrior. You slash the orc priest!
You burn the orc priest.
You kill the orc priest!
You hit the orc priest. You burn the orc priest.
You constrict the orc knight, but do no damage.
The orc knight misses you. The orc warrior barely misses you.
The orc priest hits you but does no damage.
The orc knight hits you with a +2 dire flail of protection.
You take 1 damage, and have 58/98 hp.
You are too injured to fight recklessly!
Unknown command.
You feel very mighty all of a sudden.
You constrict the orc knight, but do no damage.
The orc warrior completely misses you.
The orc priest hits you but does no damage.
The orc warlord hits you but does no damage.
The orc knight hits you with a +2 dire flail of protection.
The orc warrior barely misses you. The orc priest misses you.
You take 3 damage, and have 55/98 hp.
You barely miss the orc warlord. You grab the orc warlord.
You hit the orc knight. You burn the orc knight.
You hit the orc warrior but do no damage.
You slash the orc priest! You burn the orc priest.
You kill the orc priest!
You slash the orc priest! You burn the orc priest.
You kill the orc priest!
You constrict the orc knight, but do no damage.
You constrict the orc warlord, but do no damage.
The orc knight hits you but does no damage.
The orc warlord is distracted by your dazzling golden aura.
The orc warrior closely misses you.
The orc priest mumbles some strange prayers to Beogh against you.
Beogh smites you!
The orc knight hits you but does no damage.
The orc warlord shouts!
You take 12 damage, and have 43/98 hp.
You barely miss the orc warlord.
The orc warlord is no longer distracted by gold.
You squeeze the orc warlord! You slash the orc knight! You burn the orc knight.
You slice the orc warrior!! You burn the orc warrior.
You kill the orc warrior!
You constrict the orc knight, but do no damage.
You constrict the orc warlord, but do no damage.
The orc knight is distracted by your dazzling golden aura.
The orc warlord closely misses you.
The orc priest invokes the aid of Beogh against you.
Beogh smites you!
* * * LOW HITPOINT WARNING * * *
The orc knight shouts!
You take 15 damage, and have 28/98 hp.
You slice the orc warlord!! You burn the orc warlord!
You squeeze the orc warlord! You closely miss the orc priest.
You slice the orc knight!! You burn the orc knight.
You kill the orc knight!
You constrict the orc warlord.
The orc priest hits you but does no damage.
The orc warlord hits you with a +0 heavy battleaxe!!!
Ouch! That really hurt!
You die...
Your body crumbles into a pile of gold.

$ ... .......# .o..#
......... ....#.
$......... .. ......
........#####..
......##
.....#.....8....
.......o
.................
.......o
..........$o......
._......
...........8o...o..
........
...........$$.8....
........
..........[[#####..
......##
.............<..#
......
................##
....#.
................##
....#
......#.........#
§.. ..#............#
#
#......##.....####..


You could see an orc warlord (strong), an orc high priest (strong) and an orc
priest (strong).

Vanquished Creatures
  2 two-headed ogres
  4 orc knights
  A deep elf pyromancer (Bailey)
  5 orc sorcerers
  A cyclops (Orc:1)
  An ugly thing (D:10)
  Maggie (D:8)
  A komodo dragon (D:8)
  An efreet (D:10)
  A troll (D:10)
  Prince Ribbit (D:8)
  6 yaks
  A steam dragon (D:8)
  2 wargs
  An acid dragon (D:9)
  2 water moccasins (D:8)
  3 sky beasts
  25 orc warriors
  2 black bears
  2 ice beasts
  7 ogres
  A centaur (D:10)
  2 phantoms
  Blork the orc (Orc:2)
  2 kobold brigands
  4 bullfrogs
  3 scorpions
  5 necrophages
  4 water moccasin zombies (Ossuary)
  31 killer bees
  11 howler monkeys
  2 jellies (D:5)
  5 hounds
  15 orc priests
  2 gnoll boudas
  Ijyb (D:3)
  4 iguanas
  23 orc wizards
  3 mummies
  8 adders
  15 gnolls
  A shadow imp (D:7)
  A white imp (D:6)
  2 ufetubi
  3 adder zombies (Ossuary)
  5 worms
  3 dart slugs
  69 orcs
  9 bats
  9 endoplasms
  4 giant cockroaches
  7 gnoll zombies (Ossuary)
  4 goblins
  5 hobgoblins
  19 jackals
  2 quokkas
  5 ball pythons
  4 frilled lizards
  A goblin zombie (D:6)
  3 hobgoblin zombies (Ossuary)
  18 kobolds
  2 kobold zombies (Ossuary)
  3 orc zombies
  6 rats
397 creatures vanquished.

Vanquished Creatures (others)
  An orc wizard (Orc:2)
  3 plants (D:2)
4 creatures vanquished.

Grand Total: 401 creatures vanquished

Notes
Turn   | Place    | Note
-------+----------+-------------------------------------------
     0 | D:1      | sokol815 the Octopode Earth Elementalist began the quest
                  | for the Orb.
     0 | D:1      | Reached XP level 1. HP: 11/11 MP: 3/3
   277 | D:1      | Reached XP level 2. HP: 17/17 MP: 3/5
   754 | D:1      | Reached skill level 4 in Earth Magic
  1243 | D:1      | Reached XP level 3. HP: 18/21 MP: 2/6
  1323 | D:2      | Found a faded altar of an unknown god.
  1480 | D:2      | Reached skill level 2 in Transmutations
  1480 | D:2      | Reached XP level 4. HP: 27/27 MP: 3/7
  2304 | D:3      | Reached skill level 3 in Transmutations
  2338 | D:3      | Reached XP level 5. HP: 31/31 MP: 6/8
  2485 | D:3      | Learned a level 3 spell: Stone Arrow
  2897 | D:3      | Reached skill level 1 in Conjurations
  3189 | D:3      | Noticed Ijyb
  3513 | D:4      | Found a staircase to the Ecumenical Temple.
  3520 | Temple   | Entered the Ecumenical Temple
  3529 | Temple   | Became a worshipper of Gozag Ym Sagoz the Greedy
  3553 | D:4      | Reached skill level 2 in Conjurations
  3553 | D:4      | Reached skill level 5 in Earth Magic
  3553 | D:4      | Reached XP level 6. HP: 36/36 MP: 3/9
  4223 | D:4      | Found a burning altar of Makhleb.
  4224 | D:4      | Found a white marble altar of Elyvilon.
  4224 | D:4      | Found a glowing golden altar of the Shining One.
  4225 | D:4      | Found a glowing silver altar of Zin.
  4435 | D:5      | Entered Level 5 of the Dungeon
  4667 | D:5      | Reached skill level 3 in Conjurations
  4940 | D:5      | Reached XP level 7. HP: 41/41 MP: 8/11
  5012 | D:5      | Reached skill level 1 in Short Blades
  5012 | D:5      | Reached skill level 4 in Transmutations
  5106 | D:5      | Reached skill level 3 in Spellcasting
  5175 | D:5      | Reached skill level 2 in Short Blades
  5199 | D:5      | Reached skill level 4 in Conjurations
  5208 | D:5      | Learned a level 6 spell: Statue Form
  5285 | D:5      | Reached XP level 8. HP: 46/46 MP: 9/12
  5580 | D:5      | Found a runed translucent door.
  5677 | D:5      | Identified the +8 battleaxe "Areus" {flame, rElec}
  5759 | D:5      | Reached skill level 3 in Short Blades
  6267 | D:6      | Reached skill level 5 in Conjurations
  6298 | D:6      | Reached skill level 4 in Short Blades
  6298 | D:6      | Reached skill level 6 in Earth Magic
  6310 | D:6      | Reached skill level 5 in Transmutations
  6338 | D:6      | Found Wublesm's Book Shop.
  6390 | D:6      | Reached skill level 4 in Spellcasting
  6410 | D:6      | Reached XP level 9. HP: 38/51 MP: 0/15
  6531 | D:6      | Found a sand-covered staircase.
  6537 | Ossuary  | Entered an ossuary
  6548 | Ossuary  | Reached skill level 5 in Short Blades
  6973 | D:6      | Reached skill level 6 in Short Blades
  6992 | D:5      | Reached skill level 7 in Earth Magic
  7459 | D:6      | Reached skill level 8 in Earth Magic
  7759 | D:6      | Found a shadowy altar of Dithmenos.
  8067 | D:7      | Reached skill level 9 in Earth Magic
  8472 | D:7      | Reached XP level 10. HP: 53/56 MP: 8/16
  8579 | D:7      | Reached skill level 10 in Earth Magic
  9977 | D:8      | Reached skill level 6 in Transmutations
 10408 | D:8      | Noticed Maggie
 10568 | D:8      | Killed Maggie
 10702 | D:8      | Noticed Prince Ribbit
 10729 | D:8      | Killed Prince Ribbit
 10730 | D:8      | Reached skill level 7 in Transmutations
 10854 | D:8      | HP: 13/56 [something (6)]
 11007 | D:8      | Noticed Amaemon
 11066 | D:8      | Noticed an orange demon
 11913 | D:3      | Killed Ijyb
 12092 | D:9      | Reached skill level 8 in Transmutations
 12187 | D:9      | Reached skill level 11 in Earth Magic
 12405 | D:9      | Reached XP level 11. HP: 61/61 MP: 17/17
 12471 | D:9      | Found a staircase to the Orcish Mines.
 12611 | D:9      | Found a stormy altar of Qazlal.
 12773 | D:9      | Found a bloodstained altar of Trog.
 12785 | D:9      | Reached skill level 9 in Transmutations
 13447 | D:10     | Entered Level 10 of the Dungeon
 13447 | D:10     | Noticed a green ugly thing
 13447 | D:10     | Noticed a two-headed ogre
 13458 | D:9      | HP: 15/61 [poisoned by a green ugly thing]
 13554 | D:10     | Found a flagged portal.
 13606 | Bailey   | Entered a bailey
 13719 | Bailey   | Noticed an orc knight
 13729 | Bailey   | ooooo: How did you get statue form?
 13739 | Bailey   | Killed an orc knight
 13746 | Bailey   | Reached skill level 10 in Transmutations
 13756 | Bailey   | Found a large runed translucent door.
 13756 | Bailey   | Found a large runed translucent door.
 13757 | Bailey   | Noticed a deep elf pyromancer
 13773 | Bailey   | Killed a deep elf pyromancer
 13777 | Bailey   | sokol815: random find on D1. Totally nuts.
 13781 | Bailey   | ooooo: that is nice!
 13781 | Bailey   | sokol815: yeah, really surprised me.
 13781 | Bailey   | Identified the +10 executioner's axe of the Screaming Gods
                  | {drain, Int+2 Dex+2}
 13938 | D:10     | sokol815: now that I've got that up... the question is do I
                  | become a terrifying battleaxe weilding statue?
 13959 | D:10     | Killed a green ugly thing
 13967 | D:10     | Killed a two-headed ogre
 14001 | D:10     | Found a staircase to the Lair.
 14038 | D:10     | ooooo: lol
 14038 | D:10     | Reached skill level 8 in Axes
 14038 | D:10     | Reached XP level 12. HP: 66/66 MP: 18/18
 14039 | D:10     | Reached skill level 11 in Axes
 14039 | D:10     | Reached XP level 13. HP: 71/71 MP: 19/19
 14118 | D:10     | Reached skill level 12 in Earth Magic
 14158 | D:10     | sokol815: oh yeah, also found annihilations on like D2
 14249 | D:10     | Identified the +1 ring mail "Acleerul" {Will+}
 14528 | D:10     | ooooo: did you pick the seed lol
 14528 | D:10     | sokol815: somehow, no. lol.
 14531 | D:10     | Bought a potion of experience for 750 gold pieces
 14531 | D:10     | Reached skill level 13 in Axes
 14531 | D:10     | Reached XP level 14. HP: 76/76 MP: 20/20
 14580 | Orc:1    | Entered Level 1 of the Orcish Mines
 14831 | Orc:2    | Entered Level 2 of the Orcish Mines
 14839 | Orc:1    | Reached skill level 11 in Transmutations
 14896 | Orc:1    | Reached skill level 14 in Axes
 15053 | Orc:2    | Noticed an orc warlord
 15055 | Orc:2    | Paralysed by an orc sorcerer for 2 turns
 15124 | Orc:2    | Noticed Blork the orc
 15339 | Orc:2    | Killed Blork the orc
 15350 | Orc:2    | Paralysed by an orc sorcerer for 5 turns
 15358 | Orc:2    | Paralysed by an orc sorcerer for 4 turns
 15769 | Orc:1    | Found a transporter.
 15769 | Orc:1    | Found a transporter.
 15777 | Orc:1    | Found a bloodstained altar of Trog.
 15779 | Orc:1    | Noticed Koowego's ghost (journeyman SpAr)
 15929 | Orc:2    | ooooo: ops
 15929 | Orc:2    | sokol815: miscalculation there...
 15929 | Orc:2    | sokol815: oh well
 15929 | Orc:2    | Annihilated by an orc warlord

Illustrated notes

Levels and vault maps discovered:
D:1:      noname_arrival_rooms_in_the_neighbourhood, layout_loops_ring
D:2:      layout_loops_ring, chequers_ecumenical_altar_lobes
D:3:      layout_loops_corners, uniq_ijyb
D:4:      layout_basic, chequers_temple_overflow_statue_of_worship,
          temple_statues, minmay_goblin_outpost
D:5:      minmay_polygon_palace, layout_basic, lightli_church_of_beogh
D:6:      layout_loops_ring, lemuel_coloured_pillars_altar, serial_shops,
          nicolae_diamond_shop, nicolae_ossuary_entry_giza, st_stairs_12
D:7:      layout_basic, serial_corexii_hall, chequers_hall_statues_wall_a,
          chequers_hall_statues_wall_a, chequers_hall_statues_wall_a,
          chequers_hall_statues_corner_a, corexii_hall_statues_l,
          chequers_hall_statues_y
D:8:      layout_gridville, uniq_maggie, uniq_prince_ribbit1, uniq_amaemon
D:9:      layout_small_grid, nicolae_qazlal_scattered_showers,
          mainiacjoe_overflow_surrounded_room, erik_orc_3, minivault_21
D:10:     layout_loops_ring, dpeg_oklobed_lair, enter_bailey_6
Temple:   hellmonk_temple_of_storms
Orc:1:    layout_caves, gammafunk_ghost_wrathful_warriors
Orc:2:    grunt_orc_cross, layout_caves, gammafunk_ghost_arena, basic_altar

Skill      XL: |  1  2  3  4  5  6  7  8  9 10 11 12 13 14 |
---------------+-------------------------------------------+-----
Earth Magic    | 4 5 6 9 11 12 | 12.3
Transmutations | 2 3 4 5 8 10 11 | 11.3
Conjurations   | 2 3 4 5 |  5.0
Short Blades   | 2 4 6 |  6.0
Spellcasting   | 3 4 |  4.0
Axes           | 8 11 13 14 | 14.5
Dodging        | |  2.0
Stealth        | |  2.6

Action                   |  1- 3 |  4- 6 |  7- 9 | 10-12 | 13-15 || total
-------------------------+-------+-------+-------+-------+-------++-------
Melee: Whip              |     2 |    13 |       |       |       ||    15
       Constrict         |     1 |     5 |    26 |    47 |    16 ||    95
       Tentacles         |       |     2 |    33 |    56 |    22 ||   113
       Dagger            |       |     5 |   133 |   241 |       ||   379
       Punch             |       |       |     2 |     5 |     2 ||     9
       Battleaxe         |       |       |       |       |    66 ||    66
Throw: Dart              |       |       |       |     7 |       ||     7
 Cast: Sandblast         |    40 |   102 |    48 |       |       ||   190
       Stone Arrow       |       |       |    52 |    81 |    18 ||   151
       Statue Form       |       |       |       |     7 |    15 ||    22
Invok: Call Merchant     |       |       |       |       |     3 ||     3
Evoke: Wand              |       |       |       |     4 |       ||     4
  Use: Scroll            |     3 |     9 |     8 |     7 |       ||    27
       Potion            |       |       |     2 |     5 |     3 ||    10
 Stab: Distracted        |       |       |     1 |     2 |       ||     3
       Sleeping          |       |       |     1 |     4 |       ||     5
       Paralysed         |       |       |       |     2 |       ||     2
Armor: Skin              |     3 |     4 |     2 |    31 |    69 ||   109
Dodge: Dodged            |    10 |    34 |    59 |   200 |   133 ||   436

Table legend: (Time is in decaauts)
 A = Elapsed time spent in this place.
 B = Non-inter-level travel time spent in this place.
 C = Inter-level travel time spent in this place.
 D = Time resting spent in this place.
 E = Time spent auto-exploring this place.
 F = Levels seen in this place.
 G = Mean time per level.
                   A        B        C        D        E       F      G
               +--------+--------+--------+--------+--------+-----+--------+
         Total |  16406 |  15247 |   1159 |   2975 |   8999 |  15 | 1093.7 |
       Dungeon |  13949 |  12880 |   1069 |   2230 |   8111 |  10 | 1394.9 |
        Temple |     18 |      9 |      9 |      0 |      2 |   1 |   18.0 |
  Orcish Mines |   1663 |   1582 |     81 |    724 |    406 |   2 |  831.5 |
       Ossuary |    394 |    394 |      0 |      0 |    333 |   1 |  394.0 |
        Bailey |    380 |    380 |      0 |     20 |    146 |   1 |  380.0 |
               +--------+--------+--------+--------+--------+-----+--------+

Top non-repeatable levels by time:
     D:5: 2050 daAuts
     D:7: 2014 daAuts
     D:8: 1861 daAuts
   Orc:1: 1426 daAuts
     D:4: 1367 daAuts
     D:9: 1331 daAuts
     D:3: 1167 daAuts
     D:6: 1166 daAuts
     D:1: 1153 daAuts
     D:2: 1036 daAuts
    D:10: 800 daAuts
 Ossuary: 394 daAuts
  Bailey: 380 daAuts
   Orc:2: 236 daAuts
  Temple: 18 daAuts

Table legend:
 A = Kills in this place as a percentage of kills in entire the game.
 B = Kills by you in this place as a percentage of kills by you in the entire game.
 C = Kills by friends in this place as a percentage of kills by friends in the entire game.
 D = Other kills in this place as a percentage of other kills in the entire game.
 E = Experience gained in this place as a percentage of experience gained in the entire game.
 F = Experience gained in this place divided by the number of levels of this place that you have seen.
                   A       B       C       D       E      F
               +-------+-------+-------+-------+-------+----------------------
         Total | 100.0 | 100.0 |   N/A |   N/A | 100.0 | 1661.5
       Dungeon |  74.6 |  74.6 |   N/A |   N/A |  50.3 | 1254.7
  Orcish Mines |  15.9 |  15.9 |   N/A |   N/A |  39.1 | 4878.0
       Ossuary |   5.8 |   5.8 |   N/A |   N/A |   1.5 | 386.0
        Bailey |   3.8 |   3.8 |   N/A |   N/A |   9.0 | 2234.0
               +-------+-------+-------+-------+-------+----------------------
